Description

Economic build with gladepts presure en min 4:30. Transition Fenix DT. to prevent his 4th base.

Replay - Gladepts DT fenix into carrier Naniwa PvZ

Build Order

Get SALT Encoding   

  12  0:00  Probe (Chrono Boost)  
  13  0:11  Probe (Chrono Boost)  
  14  0:18  Pylon  
  14  0:22  Probe (Chrono Boost)  
  15  0:36  Probe (Chrono Boost)  
  15  0:38  Gateway  
  16  0:46  Probe (Chrono Boost)  
  16  0:48  Assimilator  
  18  0:57  Probe (Chrono Boost)  
  18  1:07  Probe (Chrono Boost)  
  19  1:18  Probe (Chrono Boost)  
  20  1:26  Nexus  
  20  1:35  Cybernetics Core  
  20  1:38  Probe (Chrono Boost)  
  21  1:44  Assimilator  
  21  1:49  Probe (Chrono Boost)  
  21  1:53  Pylon  
  22  1:59  Probe (Chrono Boost)  
  23  2:09  Adept  
  23  2:12  Warp Gate  
  23  2:13  Probe (Chrono Boost)  
  26  2:26  Probe (Chrono Boost)  
  27  2:31  Stargate  
  27  2:35  Zealot  
  30  2:37  Probe (Chrono Boost)  
  30  2:39  Probe (Chrono Boost)  
  31  2:47  Probe (Chrono Boost)  
  31  2:49  Probe (Chrono Boost)  
  35  2:59  Mothership Core (Chrono Boost)  
  35  3:00  Probe (Chrono Boost)  
  36  3:10  Probe (Chrono Boost)  
  36  3:11  Oracle  Presure and scout
  37  3:16  Gateway  
  37  3:18  Gateway  
  41  3:21  Probe (Chrono Boost)  
  41  3:26  Probe (Chrono Boost)  
  42  3:33  Pylon  
  42  3:34  Probe (Chrono Boost)  
  43  3:37  Probe (Chrono Boost)  
  44  3:42  Pylon  
  44  3:46  Oracle, Probe (Chrono Boost)  
  44  3:48  Probe (Chrono Boost)  
  48  3:58  Probe x2 (Chrono Boost)  
  50  4:05  Nexus  
  51  4:10  Probe x2 (Chrono Boost)  
  52  4:19  Adept x2  Warp adepts and push the zerg
  52  4:20  Adept  
  52  4:22  Probe (Chrono Boost)  
  52  4:23  Probe (Chrono Boost)  
  57  4:30  Pylon  
  57  4:32  Pylon, Probe (Chrono Boost)  
  57  4:34  Probe (Chrono Boost)  
  59  4:40  Twilight Council  
  59  4:43  Probe (Chrono Boost)  
  59  4:44  Probe (Chrono Boost)  
  61  4:47  Robotics Facility  
  61  4:51  Assimilator  
  61  4:54  Assimilator  
  61  4:55  Probe x2 (Chrono Boost)  
  63  5:05  Resonating Glaives  
  63  5:06  Probe x2 (Chrono Boost)  
  65  5:16  Pylon  
  67  5:26  Gateway  
  65  5:29  Warp Prism  
  65  5:30  Gateway x2  
  65  5:32  Gateway  
  65  5:33  Gateway  
  61  5:48  Gateway  
  61  5:49  Gateway  
  59  5:53  Adept x2  
  59  5:54  Adept  
  65  5:57  Probe (Chrono Boost)  
  65  5:59  Probe x2 (Chrono Boost)  
  65  6:00  Pylon  
  68  6:17  Adept x3  
  74  6:22  Probe (Chrono Boost)  
  74  6:24  Pylon, Probe x2 (Chrono Boost)  
  77  6:42  Adept x9  
  77  6:43  Adept  
  94  7:01  Pylon  
  94  7:03  Adept x6  
  94  7:04  Adept x2  
  94  7:05  Adept  
  112  7:08  Adept  
  112  7:12  Phoenix  
  116  7:18  Stargate  
  106  7:34  Phoenix  
  102  7:47  Assimilator, Probe (Chrono Boost)  
  102  7:48  Pylon, Probe x2 (Chrono Boost)  
  102  7:49  Assimilator  
  95  7:55  Phoenix  
  91  8:00  Dark Shrine  
  91  8:03  Phoenix  
  73  8:15  Adept x10, Probe x3 (Chrono Boost)  
  94  8:23  Phoenix  
  94  8:24  Protoss Air Weapons Level 1, Phoenix  
  98  8:34  Probe x3 (Chrono Boost)  
  93  8:46  Probe x3 (Chrono Boost)  
  93  8:47  Phoenix x2  
  97  8:57  Adept x2  
  97  8:58  Adept x5, Probe x2 (Chrono Boost)  
  109  9:06  Adept x2  
  101  9:14  Dark Templar  
  98  9:18  Pylon, Probe x3 (Chrono Boost)  
  98  9:21  Dark Templar  
  92  9:24  Adept  
  90  9:36  Pylon  
  93  9:39  Dark Templar x2  
  93  9:43  Phoenix  
  93  9:44  Phoenix  
  98  10:04  Phoenix  
  98  10:05  Phoenix  
  98  10:25  Stargate  
  98  10:27  Fleet Beacon  
  98  10:28  Phoenix x2  
  98  10:29  Pylon  
  98  10:32  Pylon  
  102  10:37  Dark Templar x2  
  106  11:03  Phoenix x2  
  110  11:14  Nexus  
  110  11:17  Pylon  
  106  11:19  Pylon  
  106  11:23  Pylon  
  102  11:26  Carrier x3  
  120  11:41  Protoss Air Weapons Level 2  
  120  11:46  Forge  
  126  11:57  Assimilator  
  126  12:00  Assimilator  
  114  12:15  Graviton Catapult  
  112  12:20  Photon Cannon  
  112  12:21  Photon Cannon  
  112  12:23  Photon Cannon x2  
  112  12:24  Photon Cannon  
  112  12:25  Photon Cannon  
  112  12:26  Photon Cannon  
  112  12:27  Photon Cannon  
  112  12:41  Pylon  
  112  12:45  Stargate  
  112  12:48  Protoss Shields Level 1, Phoenix  
  112  12:49  Phoenix x2  
  118  12:59  Pylon  
  118  13:15  Carrier  
  118  13:16  Carrier  
  130  13:33  Carrier  
  128  13:36  Carrier  
  138  13:59  Pylon, Photon Cannon x2  
  138  14:07  Photon Cannon  
  138  14:10  Photon Cannon  
  138  14:16  Templar Archives  
  138  14:22  Protoss Air Weapons Level 3, Pylon  
  138  14:25  Pylon  
  138  14:27  Pylon  
  138  14:41  Void Ray x2  
  146  14:53  Psionic Storm  
  146  14:58  Void Ray x2  
Spawning Tool Build Advisor. Get it on Overwolf

Analysis

Firstly the oracle scout. 3th expansion 4:00.to 4:30 Push with adepts with resonating glaives to protect them. Transition to 2 stargate to prevent mutalisk andkill teh oversir, them create DT to destroy ground units. You must not allow the Zerg should not get a fourth base. Use your control map and his no detectation. 11:00 4th base and transition to carriers with 4 stargates. And Mothership.

Go to:

Details

  • Created by: Zeruell
  • Published on: Sep 23, 2016
  • Modified on: Sep 23, 2016
  • Patch: Pre-3.8.0
Show
View Real Time Build Order
Export as new Build Order

Comments (0)

There are no comments. Be the first!

Create an account to comment!